 Dungeon Crawl Stone Soup version 0.23.2-33-g5129a83184 (webtiles) character file.

Game seed: 10616066919172277288

5599 myga the Thaumaturge (level 10, 0/77 HPs)
             Began as a Purple Draconian Air Elementalist on June 13, 2019.
             Was a Believer of Nemelex Xobeh.
             Shot with an arrow by a centaur (6 damage)
             ... on level 10 of the Dungeon on July 4, 2019.
             The game lasted 00:53:44 (13230 turns).

myga the Thaumaturge (DrAE)                        Turns: 13230, Time: 00:53:45

Health: 0/77       AC: 10    Str: 11 (12) XL:     10   Next: 45%
Magic:  15/23      EV: 14    Int: 15 (16) God:    Nemelex Xobeh [**....]
Gold:   392        SH:  0    Dex: 12 (13) Spells: 7/27 levels left

rFire    + . .     SeeInvis +   G - +3 short sword
rCold    . . .     Gourm    .   (no shield)
rNeg     . . .     Faith    .   (armour unavailable)
rPois    .         Spirit   .   (helmet restricted)
rElec    .         Reflect  .   O - +1 cloak
rCorr    .         Harm     .   x - +0 pair of gloves
MR       +....                  (no boots)
Stlth    +++.......             (no amulet)
HPRegen  0.22/turn              L - ring of see invisible
MPRegen  0.18/turn              a - ring of protection from fire

@: very slightly contaminated, slowed, invisible, very slow
A: breathe power, unfitting armour, cold-blooded, AC +7
a: Breathe Dispelling Energy, Draw Escape, Draw Destruction, Draw Summoning,
Renounce Religion


You were on level 10 of the Dungeon.
You worshipped Nemelex Xobeh.
Nemelex Xobeh was pleased with you.
You were near starving.

You visited 2 branches of the dungeon, and saw 11 of its levels.

You collected 608 gold pieces.
You spent 216 gold pieces at shops.

Inventory:

Hand Weapons
 i - a +1 dagger
 G - a +3 short sword (weapon)
Missiles
 e - 203 stones (quivered)
 o - 6 tomahawks
Armour
 x - a +0 pair of gloves (worn)
 F - a scarf of repulsion
 O - a +1 cloak (worn)
Jewellery
 a - a ring of protection from fire (right hand)
 h - an uncursed ring of positive energy
 K - an uncursed ring of resist corrosion
 L - a ring of see invisible (left hand)
Wands
 q - a wand of polymorph (10)
 s - a wand of paralysis (9)
 w - a wand of random effects (30)
 y - a wand of iceblast (4)
 E - a wand of enslavement (6)
 J - a wand of digging (7)
Scrolls
 d - 3 scrolls of teleportation
 f - 4 scrolls of enchant armour
 p - a scroll of fog
 r - a scroll of remove curse
 z - a scroll of amnesia
 B - a scroll of magic mapping {unknown}
 C - 2 scrolls of fear
 D - a scroll of immolation {unknown}
 I - a scroll of vulnerability {unknown}
 N - a scroll of enchant weapon
Potions
 c - 6 potions of lignification
 g - a potion of magic
 j - a potion of ambrosia
 k - a potion of mutation
 l - a potion of might {unknown}
 n - a potion of curing
 v - a potion of agility {unknown}
 A - a potion of flight {unknown}
 H - a potion of berserk rage {unknown}
Comestibles
 b - 13 rations


   Skills:
 + Level 3.3 Fighting
 + Level 4.5 Short Blades
 + Level 1.2 Throwing
 + Level 5.0 Dodging
 + Level 4.8 Stealth
 + Level 9.0 Spellcasting
 + Level 6.5 Conjurations
 + Level 0.4 Hexes
 + Level 8.1 Air Magic


You had 7 spell levels left.
You knew the following spells:

 Your Spells              Type           Power        Failure   Level  Hunger
a - Shock                 Conj/Air       ####         1%          1    None
b - Swiftness             Chrm/Air       ###.....     3%          2    None
c - Static Discharge      Conj/Air       ####....     1%          3    #......
d - Airstrike             Air            ####......   3%          4    ###....
e - Lightning Bolt        Conj/Air       ####......   14%         5    #####..
f - Dazzling Spray        Conj/Hex       ###...       8%          3    #......
g - Searing Ray           Conj           ####..       1%          2    None

Your spell library contained the following spells:

 Spells                   Type           Power        Failure   Level  Hunger
 Magic Dart               Conj           ####         1%          1    None
 Iskenderun's Mystic Bla  Conj           ####....     7%          4    ###....
 Fulminant Prism          Conj/Hex       ###.......   26%         4    ###....
 Force Lance              Conj/Tloc      ###.....     28%         4    ###....


Dungeon Overview and Level Annotations

Branches:
Dungeon (10/15)            Temple (1/1) D:4
   Lair: D:8-11         Orc: D:9-12

Altars:
Ashenzari
Cheibriados
Dithmenos
Elyvilon
Fedhas
Gozag
Hepliaklqana
Kikubaaqudgha
Makhleb
Nemelex Xobeh
Okawaru
Qazlal
Ru
Sif Muna
Trog
Uskayaw
Vehumet
Wu Jian
Xom
Yredelemnul
Zin
The Shining One

Shops:
D:6 [

Annotations:
D:3 1 runed translucent door


Innate Abilities, Weirdness & Mutations

You can breathe bolts of dispelling energy.
Your rich purple scales are hard. (AC +7)
You cannot fit into any form of body armour.
You are cold-blooded and may be slowed by cold attacks.


Message History

A basilisk and 2 porcupines come into view.
You hear a shout!
You hear a bellow!
You hear a shout!
The porcupine bites you but does no damage.
You feel much better. The porcupine bites you. The porcupine bites you!
* * * LOW HITPOINT WARNING * * *
The kobold hits you but does no damage. The porcupine bites you!
* * * LOW HITPOINT WARNING * * *
Okay, then.
Okay, then.
Okay, then.
You fade into invisibility!
The centaur wields a +0 shortbow.
The centaur shoots an arrow.
The arrow hits the kobold.
The kobold dies!
The porcupine misses you. The basilisk gazes at you.
You resist with almost no effort.
The centaur shoots an arrow.
The arrow hits you.
You die...
Your body glows with a rainbow of weird colours and disappears.

#.......# #.......#
#######..##...#
#......K.##...#
#....c(...t...#
#(...YW..Y....#
#...K######...#...
#.(..##..##...#...
#@r..##...#...+...
#rl..##...#...#...
#....##..##...#...
#.....†....##..##...#...
#.....#....##..'....#...
#.....#######..######.<.
#..K. #....##..# #...
#.... #....##..## #...
#... #.........# #...


You could see a yak, a basilisk, a wraith, a big kobold, a centaur, 2 porcupines
and a kobold.

Vanquished Creatures
  Maurice (D:9)
  Grinder (D:5)
  A hippogriff (D:8)
  A wyvern (D:8)
  3 orc warriors
  An ice beast (D:8)
  3 sky beasts
  A black bear (D:7)
  An eye of draining (D:10)
  3 phantoms
  4 ogres
  6 centaurs
  8 bullfrogs
  5 scorpions
  2 howler monkeys
  3 wights (D:6)
  2 crimson imps
  A quasit (D:8)
  A bullfrog zombie (D:5)
  5 hounds
  3 bullfrog skeletons
  3 jellies
  2 orc priests
  A centaur skeleton (D:5)
  3 iguanas
  6 orc wizards
  15 worker ants
  A killer bee zombie (D:5)
  A hound skeleton (D:4)
  4 gnolls (D:7)
  2 river rats (D:4)
  10 adders
  A shadow imp (D:8)
  3 oozes
  2 adder zombies
  4 worms
  3 dart slugs
  5 leopard geckos
  25 orcs
  6 giant cockroaches
  5 goblins
  9 hobgoblins
  11 jackals
  5 quokkas
  2 ball pythons
  6 bats
  6 frilled lizards
  12 kobolds
  6 rats
215 creatures vanquished.

Vanquished Creatures (collateral kills)
  Erica (D:8)
  A crimson imp (D:8)
  An orc (D:8)
3 creatures vanquished.

Vanquished Creatures (others)
  A kobold (D:10)
  2 bushes (D:10)
  3 fungi (D:10)
  12 plants (D:10)
18 creatures vanquished.

Grand Total: 236 creatures vanquished

Notes
Turn   | Place    | Note
-------+----------+-------------------------------------------
     0 | D:1      | myga the Draconian Air Elementalist began the quest for the
                  | Orb.
     0 | D:1      | Reached XP level 1. HP: 14/14 MP: 3/3
   374 | D:1      | Reached XP level 2. HP: 20/20 MP: 5/5
   872 | D:1      | Reached XP level 3. HP: 26/26 MP: 2/6
  1358 | D:2      | Learned a level 2 spell: Swiftness
  1371 | D:2      | Learned a level 3 spell: Static Discharge
  2478 | D:3      | Reached XP level 4. HP: 29/33 MP: 1/7
  3625 | D:3      | Found a glowing golden altar of the Shining One.
  3625 | D:3      | Found a runed translucent door.
  3625 | D:3      | Noticed an angel
  4039 | D:4      | Reached XP level 5. HP: 35/38 MP: 3/9
  4406 | D:4      | Reached skill level 3 in Spellcasting
  4406 | D:4      | Reached XP level 6. HP: 25/46 MP: 0/10
  4491 | D:4      | Learned a level 4 spell: Airstrike
  4879 | D:4      | Found a staircase to the Ecumenical Temple.
  4925 | Temple   | Entered the Ecumenical Temple
  5332 | Temple   | Became a worshipper of Nemelex Xobeh the Trickster
  5456 | D:4      | Received a gift from Nemelex Xobeh
  5528 | D:4      | Reached skill level 1 in Short Blades
  5634 | D:4      | Reached skill level 1 in Fighting
  5774 | D:4      | Your scales start taking on a rich purple colour.
  5774 | D:4      | Reached skill level 4 in Spellcasting
  5774 | D:4      | Reached XP level 7. HP: 52/52 MP: 1/13
  5783 | D:4      | Learned a level 5 spell: Lightning Bolt
  6246 | D:4      | Received a gift from Nemelex Xobeh
  6516 | D:5      | Entered Level 5 of the Dungeon
  6532 | D:5      | Reached skill level 5 in Spellcasting
  6532 | D:5      | Reached skill level 5 in Air Magic
  6729 | D:5      | Reached * piety under Nemelex Xobeh
  7180 | D:5      | Reached XP level 8. HP: 57/59 MP: 1/16
  7184 | D:5      | Found a radiant altar of Vehumet.
  7818 | D:5      | Noticed Grinder
  7840 | D:5      | Killed Grinder
  7840 | D:5      | Reached skill level 6 in Spellcasting
  9411 | D:6      | Found Xemmafihyw's Antique Armour Emporium.
  9428 | D:6      | Bought an embroidered scarf for 216 gold pieces
  9487 | D:7      | Reached skill level 7 in Spellcasting
  9487 | D:7      | Reached XP level 9. HP: 40/68 MP: 9/19
  9509 | D:7      | Received a gift from Nemelex Xobeh
  9876 | D:7      | Reached skill level 5 in Conjurations
 10088 | D:7      | Reached ** piety under Nemelex Xobeh
 10193 | D:7      | Learned a level 3 spell: Dazzling Spray
 10196 | D:7      | Learned a level 2 spell: Searing Ray
 11161 | D:8      | Reached skill level 8 in Spellcasting
 11449 | D:8      | Reached skill level 1 in Throwing
 11625 | D:8      | Noticed Erica
 11635 | D:8      | Killed Erica
 11635 | D:8      | Reached XP level 10. HP: 77/77 MP: 9/22
 11665 | D:8      | Reached skill level 5 in Dodging
 12017 | D:8      | Upgraded the game from 0.23.2-30-g0e89c35649 to
                  | 0.23.2-33-g5129a83184
 12082 | D:9      | Found a deep blue altar of Sif Muna.
 12083 | D:9      | Found a bloodstained altar of Trog.
 12084 | D:9      | Found a shattered altar of Ashenzari.
 12086 | D:9      | Found a glowing golden altar of the Shining One.
 12087 | D:9      | Found a stormy altar of Qazlal.
 12263 | D:9      | Received a gift from Nemelex Xobeh
 12706 | D:9      | Noticed Maurice
 12737 | D:9      | Killed Maurice
 12737 | D:9      | Reached skill level 9 in Spellcasting
 12842 | D:10     | Entered Level 10 of the Dungeon
 13227 | D:10     | HP: 1/77 [yak (9)]
 13230 | D:10     | Shot with an arrow by a centaur

Skill      XL: |  1  2  3  4  5  6  7  8  9 10 |
---------------+-------------------------------+-----
Dodging        | 2 3 4 5 |  5.0
Stealth        | 2 3 4 |  4.8
Conjurations   | 2 3 4 6 |  6.5
Air Magic      | 4 5 6 7 8 |  8.1
Spellcasting   | 3 4 5 7 8 9 |  9.0
Short Blades   | 1 2 3 4 |  4.5
Fighting       | 1 2 3 |  3.3
Throwing       | 1 |  1.2
Hexes          | |  0.4

Action                   |  1- 3 |  4- 6 |  7- 9 | 10-12 || total
-------------------------+-------+-------+-------+-------++-------
Melee: Dagger            |   108 |   105 |    77 |       ||   290
       Tailslap          |    11 |    12 |    20 |     5 ||    48
       Short sword       |       |       |    43 |    53 ||    96
Throw: Stone             |    10 |    33 |     7 |     1 ||    51
       Tomahawk          |       |       |       |     1 ||     1
 Cast: Shock             |    70 |   156 |   294 |    66 ||   586
       Searing Ray       |       |       |    13 |     2 ||    15
       Dazzling Spray    |       |       |     3 |     7 ||    10
 Abil: Draw Summoning    |       |       |     1 |       ||     1
       Draw Destruction  |       |       |       |     5 ||     5
       Draw Escape       |       |       |       |     2 ||     2
  Use: Scroll            |     2 |     5 |     3 |     3 ||    13
       Potion            |     1 |     2 |     1 |     3 ||     7
 Stab: Sleeping          |     1 |     7 |     6 |     4 ||    18
       Invisible         |       |       |       |     1 ||     1
  Eat: Chunk             |     5 |    13 |    18 |     3 ||    39
Armor: Skin              |    43 |    37 |    89 |    23 ||   192
Dodge: Dodged            |    87 |    80 |   176 |    65 ||   408
       Deflected         |       |       |     1 |       ||     1
